 Dungeon Crawl Stone Soup version 0.30-a0-737-gf23d94013f (webtiles) character file.

Game seed: 12382598414474364872

6220 mopl the Martial Artist (level 11, -6/75 HPs)
             Began as a Djinni Transmuter on Feb 2, 2023.
             Was a High Priest of Okawaru.
             Mangled by a tengu warrior
             ... wielding a +3 war axe
              (15 damage)
             ... on level 10 of the Dungeon.
             The game lasted 00:16:19 (7968 turns).

mopl the Martial Artist (Djinni Transmuter)         Turns: 7968, Time: 00:16:20

Health: -6/75      AC:  2    Str: 13    XL:     11   Next: 14%
Gold:   232        EV: 30    Int: 20    God:    Okawaru [*****.] SH:  0 Dex: 20

rFire   . . .      SeeInvis .      - Unarmed
rCold   + . .      Faith    +    (shield currently unavailable)
rNeg    . . .      Spirit   .    (body armour currently unavailable)
rPois   ∞          Reflect  .    (helmet currently unavailable)
rElec   .          Harm     .    (cloak currently unavailable)
rCorr   .          Rampage  .    (gloves currently unavailable)
Will    +....                    (boots unavailable)
Stlth   +++                      C - amulet of faith {!P}
HPRegen 0.32/turn                o - ring of protection from cold
MPRegen 0.00/turn                n - +6 ring of intelligence

@: spider-form, heroic, flying
A: venomous fangs, flying, sickness immunity, tiny, (fire resistance 2), (cold
vulnerability 1), float, innate caster, HP casting, extra vitality 1
a: End Transformation, Renounce Religion, Heroism, Finesse, Duel


You were on level 10 of the Dungeon.
You worshipped Okawaru.
Okawaru was extremely pleased with you.
You were a venomous arachnid creature.
You visited 1 branch of the dungeon, and saw 10 of its levels.

You collected 625 gold pieces.
You spent 393 gold pieces at shops.

Inventory:

Hand Weapons
 H - a +1 hand axe of flaming
Missiles
 p - 5 boomerangs
 u - 30 poisoned darts
 L - 3 datura-tipped darts
 P - a curare-tipped dart
 R - a throwing net
Armour
 a - a +0 robe (melded)
 q - a +0 helmet (melded)
 v - a +0 tower shield
 w - a +0 buckler
 x - a +0 cloak (melded)
 S - +0 ice dragon scales
Jewellery
 i - a ring of resist corrosion
 n - a +6 ring of intelligence (right front pincers)
 o - a ring of protection from cold (left front pincers)
 C - an amulet of faith (around neck) {!P}
 K - a ring of ice
 M - a +6 ring of dexterity
Wands
 g - a wand of polymorph (8)
 B - a wand of paralysis (30)
 J - a wand of light (12)
Scrolls
 c - 7 scrolls of teleportation
 d - 3 scrolls of vulnerability
 e - 2 scrolls of blinking {unknown}
 j - 2 scrolls of enchant weapon {unknown}
 s - 2 scrolls of poison
 y - a scroll of amnesia {unknown}
 z - 3 scrolls of immolation {unknown}
 D - a scroll of enchant armour
 E - a scroll of fear
 F - a scroll of magic mapping
 G - 4 scrolls of noise {unknown}
 N - a scroll of acquirement {unknown}
 Q - 2 scrolls of identify
Potions
 b - 4 potions of lignification {!q}
 f - 2 potions of berserk rage {!q}
 h - 4 potions of mutation {!q}
 k - a potion of heal wounds
 l - 5 potions of haste
 m - 5 potions of curing
 r - 2 potions of brilliance
 t - a potion of cancellation
 A - a potion of might
 I - 2 potions of ambrosia {unknown}
 O - a potion of flight {unknown}
 T - a potion of resistance {unknown}


   Skills:
 + Level 5.1(10.1) Fighting
 + Level 1.9(6.9) Throwing
 + Level 2.4(7.4) Armour
 + Level 6.2(11.2) Dodging
 * Level 10.5(15.5) Unarmed Combat
 + Level 5.5 Spellcasting
 + Level 5.6 Invocations
 + Level 2.4 Evocations


You couldn't memorise any spells.
You knew the following spells:

 Your Spells              Type           Power      Damage    Failure   Level
a - Beastly Appendage     Tmut           54%        N/A       5%          1
b - Spider Form           Tmut/Pois      27%        N/A       11%         3
c - Magic Dart            Conj           100%       1d8       5%          1
d - Ice Form              Ice/Tmut       27%        N/A       26%         4
e - Call Imp              Summ           27%        N/A       7%          2
f - Vampiric Draining     Necr           27%        2d7       11%         3
g - Metabolic Englaciati  Hex/Ice        13%        N/A       52%         5
n - Swiftness             Air            27%        N/A       11%         3
w - Wereblood             Tmut           27%        N/A       7%          2
Your spell library was empty.

Dungeon Overview and Level Annotations

Branches:
Dungeon (10/15)            Temple (0/1) D:4
   Lair: D:8-11         Orc: D:9-12

Altars:
Ashenzari
Cheibriados
Elyvilon
Gozag
Hepliaklqana
Okawaru
Trog
Uskayaw
Xom
Zin

Shops:
D:3 =   D:5 ?   D:6 (   D:7 [=*=?!


Innate Abilities, Weirdness & Mutations

You are a venomous arachnid creature.
You have venomous fangs.
You are tiny and dextrous.
You are flying.
Your spellcasting is less reliable in this form.
Your armour is entirely melded.
You are incapable of wielding weapons or throwing items.
You are immune to sickness and miasma.
You are immune to poison.
((Your flesh is very heat resistant. (rF++)))
((You are vulnerable to cold. (rC-)))
You float through the air rather than walking.
You learn spells naturally, not from books.
Your magical power is your life essence.
You have superior vitality. (+4 MHP)


Message History

You maul the tengu warrior!!
The tengu warrior looks as sick as possible!
The tengu warrior is moderately wounded.
The tengu warrior misses you. The tengu warrior pecks you.
The tengu warrior completely misses you.
You bite the tengu warrior!
The tengu warrior looks as sick as possible!
The tengu warrior is severely wounded.
You closely miss the tengu warrior.
The tengu warrior is severely wounded.
The tengu warrior completely misses you.
The tengu warrior closely misses you. The tengu warrior claws you.
You hit the tengu warrior.
The tengu warrior looks as sick as possible!
The tengu warrior is almost dead.
The tengu warrior completely misses you. x2
The tengu warrior claws you.
You are too injured to fight recklessly!
You are too injured to fight recklessly!
You are too injured to fight recklessly!
You barely miss the tengu warrior.
The tengu warrior is severely wounded.
The tengu warrior hits you with a +3 war axe!!
* * * LOW HITPOINT WARNING * * *
The tengu warrior pecks you but does no damage.
The tengu warrior closely misses you.
Aiming: Bolt of Light
Press: ? - help, Shift-Dir - straight line, f - tengu warrior
Aim: a tengu warrior, wielding a +3 war axe, wearing a +0 ring mail and wearing a +0 buckler (almost dead, extremely poisoned, 50% to hit)
The bolt of light misses the tengu warrior.
The tengu warrior completely misses you.
The tengu warrior pecks you.
* * * LOW HITPOINT WARNING * * *
The tengu warrior completely misses you.
Aiming: Bolt of Light
Press: ? - help, Shift-Dir - straight line, f/p - tengu warrior
Aim: a tengu warrior, wielding a +3 war axe, wearing a +0 ring mail and wearing a +0 buckler (almost dead, extremely poisoned, 50% to hit)
The bolt of light misses the tengu warrior.
The tengu warrior hits you with a +3 war axe!
You die...

.....#
.....# .!..#
....#
###...# #.
#=#...#
#...#Q#...#
#.....s...#
########.##
#..#
#######.####
...........#
...........#
...<.......#
...........#
...........#


You could see a tengu warrior (extremely poisoned).

Vanquished Creatures
  Harold (D:9)
  A two-headed ogre (D:9)
  Sigmund (D:2)
  7 yaks
  Edmund (D:4)
  A water moccasin (D:9)
  Pargi (D:3)
  5 orc warriors
  2 ogres (D:5)
  2 centaurs
  5 kobold brigands
  A bullfrog (D:8)
  2 gnoll sergeants
  2 scorpions (D:4)
  2 necrophages
  5 wights (D:7)
  10 killer bees
  An electric eel (D:7)
  5 howler monkeys
  6 hounds
  5 orc priests
  Crazy Yiuf (D:3)
  A jelly (D:6)
  6 iguanas
  7 orc wizards
  8 gnolls
  8 adders
  A shadow imp (D:5)
  2 white imps (D:6)
  2 ufetubi
  2 dart slugs
  24 orcs
  9 endoplasms
  8 giant cockroaches
  6 goblins
  6 hobgoblins
  6 jackals
  33 kobolds
  4 quokkas
  11 ball pythons
  7 bats
  5 frilled lizards
  4 rats
  A butterfly (D:4)
228 creatures vanquished.

Notes
Turn   | Place    | Note
-------+----------+-------------------------------------------
     0 | D:1      | mopl the Djinni Transmuter began the quest for the Orb.
     0 | D:1      | mopl set off with the following spells memorised: Beastly
                  | Appendage, Wereblood, Spider Form, Ice Form.
     0 | D:1      | Reached XP level 1. HP: 17/17 MP: 0/0
   315 | D:1      | Reached XP level 2. HP: 19/22 MP: 0/0
   619 | D:2      | Reached XP level 3. HP: 25/27 MP: 0/0
   619 | D:2      | Learned a level 1 spell: Magic Dart
   706 | D:2      | Reached skill level 2 in Spellcasting
   844 | D:2      | Reached skill level 4 in Unarmed Combat
   850 | D:2      | Reached XP level 4. HP: 29/32 MP: 0/0
  1333 | D:2      | Noticed Sigmund
  1342 | D:2      | Killed Sigmund
  1343 | D:2      | Reached skill level 5 in Unarmed Combat
  1343 | D:2      | Reached XP level 5. HP: 33/37 MP: 0/0
  1343 | D:2      | Learned a level 2 spell: Call Imp
  1343 | D:2      | Reached XP level 6. HP: 38/42 MP: 0/0
  1460 | D:3      | You are sucked into a shaft and drop 2 floors!
  1460 | D:5      | Entered Level 5 of the Dungeon
  1482 | D:5      | Reached skill level 3 in Spellcasting
  1584 | D:3      | Found Qiatukio's Jewellery Boutique.
  1598 | D:3      | Noticed Pargi
  1612 | D:3      | Killed Pargi
  1613 | D:3      | Reached skill level 6 in Unarmed Combat
  1613 | D:3      | Reached XP level 7. HP: 19/47 MP: 0/0
  1613 | D:3      | Learned a level 3 spell: Vampiric Draining
  1773 | D:3      | Found a runed translucent door.
  1774 | D:3      | Noticed Crazy Yiuf
  2217 | D:3      | Found a shimmering altar of Xom.
  2225 | D:3      | Found an iron altar of Okawaru.
  2230 | D:3      | Found a white marble altar of Elyvilon.
  2238 | D:3      | Became a worshipper of Warmaster Okawaru
  2250 | D:3      | Found an opulent altar of Gozag.
  2256 | D:3      | Found a bloodstained altar of Trog.
  2264 | D:3      | Found a hide-covered altar of Uskayaw.
  2269 | D:3      | Found a hazy altar of Hepliaklqana.
  2423 | D:3      | Killed Crazy Yiuf
  2764 | D:4      | Reached skill level 1 in Invocations
  2823 | D:4      | Noticed Edmund
  2946 | D:4      | Killed Edmund
  2946 | D:4      | Reached * piety under Okawaru
  2947 | D:4      | Reached skill level 7 in Unarmed Combat
  2968 | D:4      | Reached XP level 8. HP: 32/52 MP: 0/0
  3036 | D:4      | Found a staircase to the Ecumenical Temple.
  3052 | D:4      | Reached skill level 2 in Invocations
  3432 | D:5      | Noticed a yak
  3432 | D:5      | Noticed a yak
  3432 | D:5      | Noticed a yak
  3446 | D:5      | Killed a yak
  3453 | D:5      | Killed a yak
  3453 | D:5      | Reached ** piety under Okawaru
  3454 | D:5      | Reached skill level 2 in Fighting
  3454 | D:5      | Reached skill level 4 in Spellcasting
  3458 | D:5      | Killed a yak
  3459 | D:5      | Reached skill level 3 in Dodging
  3459 | D:5      | Reached skill level 8 in Unarmed Combat
  3459 | D:5      | Reached skill level 3 in Invocations
  3502 | D:5      | Reached XP level 9. HP: 34/59 MP: 0/0
  3502 | D:5      | Learned a level 3 spell: Swiftness
  4258 | D:5      | Found Seschil's Magic Scroll Boutique.
  4266 | D:5      | Bought a scroll of vulnerability for 48 gold pieces
  4266 | D:5      | Bought a scroll of teleportation for 36 gold pieces
  4266 | D:5      | Bought a scroll of enchant armour for 90 gold pieces
  4266 | D:5      | Bought a scroll of fear for 48 gold pieces
  4266 | D:5      | Bought a scroll of magic mapping for 90 gold pieces
  4358 | D:6      | Found Hotelac's Antique Weapon Boutique.
  4372 | D:5      | Reached skill level 3 in Fighting
  4372 | D:5      | Reached skill level 4 in Dodging
  4595 | D:6      | Reached skill level 4 in Invocations
  4892 | D:6      | Reached skill level 9 in Unarmed Combat
  5081 | D:5      | Bought a scroll of poison for 48 gold pieces
  5124 | D:6      | Reached *** piety under Okawaru
  5249 | D:7      | HP: 2/62 [wight/+4 falchion of freezing (2)]
  5251 | D:7      | Reached XP level 10. HP: 6/67 MP: 0/0
  5466 | D:7      | Found Xuax's Antique Armour Boutique.
  5467 | D:7      | Found Suucil's Jewellery Shop.
  5468 | D:7      | Found Diumel's Jewellery Emporium.
  5468 | D:7      | Found Nyoqib's Magic Scroll Shoppe.
  5474 | D:7      | Found Ydaq's Distillery.
  5474 | D:7      | Found Hicom's General Store.
  5482 | D:7      | Bought a potion of attraction for 33 gold pieces
  5555 | D:7      | Reached skill level 4 in Fighting
  5562 | D:7      | Reached skill level 5 in Dodging
  6015 | D:8      | Reached skill level 5 in Spellcasting
  6243 | D:8      | Found a glowing silver altar of Zin.
  6251 | D:8      | Found a broken altar of Ashenzari.
  6255 | D:8      | Found a faded altar of an unknown god.
  6257 | D:8      | Found a faded altar of an unknown god.
  6340 | D:8      | Found a snail-covered altar of Cheibriados.
  6406 | D:9      | Reached skill level 5 in Invocations
  6494 | D:9      | Noticed Harold
  6505 | D:9      | Killed Harold
  6505 | D:9      | Reached **** piety under Okawaru
  6506 | D:9      | Reached skill level 1 in Throwing
  6506 | D:9      | Reached skill level 1 in Armour
  6506 | D:9      | Reached skill level 10 in Unarmed Combat
  6506 | D:9      | Reached skill level 1 in Evocations
  7238 | D:9      | Noticed a two-headed ogre
  7249 | D:9      | Killed a two-headed ogre
  7250 | D:9      | Reached skill level 6 in Dodging
  7396 | D:9      | Reached skill level 2 in Armour
  7396 | D:9      | Reached XP level 11. HP: 59/74 MP: 0/0
  7396 | D:9      | Learned a level 5 spell: Metabolic Englaciation
  7402 | D:9      | Reached skill level 5 in Fighting
  7402 | D:9      | Reached skill level 2 in Evocations
  7659 | D:9      | Reached ***** piety under Okawaru
  7884 | D:10     | Entered Level 10 of the Dungeon
  7950 | D:10     | Noticed a tengu warrior
  7968 | D:10     | Mangled by a tengu warrior

Illustrated notes

Levels and vault maps discovered:
D:1:      lightli_arrival_flooded_house, layout_basic
D:2:      layout_loops_ring, minmay_fractal_squares_5, uniq_sigmund
D:3:      layout_rooms, grunt_temple_overflow_octagram, serial_shops,
          nicolae_square_shop, minmay_box_of_dots, uniq_crazy_yiuf_cottage,
          uniq_pargi
D:4:      minmay_skewed_foursquare, layout_loops_ring,
          minmay_temple_entry_butterflies, grunt_decor_junction, uniq_edmund
D:5:      layout_basic, serial_shops, nicolae_square_shop,
          nicolae_elevator_lobby_asterisk
D:6:      layout_cave_pools, serial_shops, shop_statue, hex_medium,
          mrwooster_statue_mirror
D:7:      layout_cave_pools, nicolae_wooded_promenade
D:8:      layout_rooms, mainiacjoe_overflow_alcove_2,
          chequers_temple_overflow_minitemple
D:9:      layout_roguey, kennysheep_orc_sif_temple, hangedman_corner_corridor,
          uniq_harold
D:10:     layout_roguey, grunt_temple_overflow_holy_war,
          nemelex_diamond_rough_becter, minmay_microvault, uniq_erica,
          uniq_maurice

Skill      XL: |  1  2  3  4  5  6  7  8  9 10 11 |
---------------+----------------------------------+-----
Spellcasting   | 2 3 4 5 |  5.5
Unarmed Combat | 4 5 6 7 8 9 10 | 10.5
Invocations    | 1 3 4 5 |  5.6
Fighting       | 2 3 4 5 |  5.1
Dodging        | 3 4 6 |  6.2
Throwing       | 1 |  1.9
Armour         | 2 |  2.4
Evocations     | 1 2 |  2.4

Action                     |  1- 3 |  4- 6 |  7- 9 | 10-12 || total
---------------------------+-------+-------+-------+-------++-------
  Melee: Unarmed           |   100 |    88 |   359 |   223 ||   770
         Headbutt          |    10 |     8 |     9 |     3 ||    30
         Punch             |     1 |     2 |     8 |     3 ||    14
  Throw: Boomerang         |       |       |       |     3 ||     3
         Dart              |       |       |       |     2 ||     2
   Cast: Beastly Appendage |    13 |     9 |    11 |     1 ||    34
         Spider Form       |       |     2 |    15 |    18 ||    35
         Wereblood         |       |       |     5 |     7 ||    12
 Invoke: Heroism           |       |       |     4 |     4 ||     8
Ability: End Transformatio |       |       |     1 |       ||     1
  Evoke: Wand              |       |       |       |     4 ||     4
    Use: Scroll            |       |       |     8 |     3 ||    11
   Stab: Sleeping          |       |     1 |     4 |     1 ||     6
         Invisible         |       |       |       |     2 ||     2
 Armour: Robe              |    25 |    14 |    46 |     1 ||    86
         Skin              |       |     3 |     3 |     8 ||    14
         Ice dragon scales |       |       |       |     6 ||     6
  Dodge: Dodged            |    85 |    54 |   277 |   192 ||   608

Table legend: (Time is in decaauts)
 A = Elapsed time spent in this place.
 B = Non-inter-level travel time spent in this place.
 C = Inter-level travel time spent in this place.
 D = Time resting spent in this place.
 E = Time spent auto-exploring this place.
 F = Levels seen in this place.
 G = Mean time per level.
                   A        B        C        D        E       F      G
               +--------+--------+--------+--------+--------+-----+--------+
         Total |   7854 |   7419 |    435 |   1368 |   4278 |  10 |  785.4 |
       Dungeon |   7854 |   7419 |    435 |   1368 |   4278 |  10 |  785.4 |
               +--------+--------+--------+--------+--------+-----+--------+

Top non-repeatable levels by time:
     D:9: 1443 daAuts
     D:5: 985 daAuts
     D:2: 947 daAuts
     D:3: 936 daAuts
     D:4: 934 daAuts
     D:7: 784 daAuts
     D:6: 676 daAuts
     D:1: 581 daAuts
     D:8: 487 daAuts
    D:10: 77 daAuts
